[ AOE2 MATCH · #477621905 ]
UnrankedMongols vs Mongols
Player's team · LOSS
Rival team · WIN
[ REPLAY ANALYSIS · EXTRACTED FROM THE RECORDED GAME ]
Feudal
8:54
Castle
21:33
Imperial
44:10
| APM avg | 78.5 |
| APM peak | 547 |
| eAPM avg | 40.0 |
| Villagers / military | 82 / 89 |
Focus
⚔️ 23.7% · 🌾 76.3%
Steppe Lancer ×34 · Skirmisher ×30 · Camel Scout ×10 · Battering Ram ×5 · Scout Cavalry ×4 · Trebuchet (Packed) ×3
Feudal
8:56
Castle
18:36
Imperial
46:04
| APM avg | 34.3 |
| APM peak | 116 |
| eAPM avg | 19.7 |
| Villagers / military | 127 / 62 |
Focus
⚔️ 25.8% · 🌾 74.2%
Scout Cavalry ×21 · Camel Scout ×15 · Mangonel ×6 · Spearman ×6 · Mangudai ×5 · Scorpion ×3
Match map
Initial resources + every placement click. Lines = walls · curves = elevation contours. ◆ gold · ⬟ stone · ● berries · ✦ relic · ◌ wall gap
Your base· Open — 2t gap
andy_marcelo2012's base· Open — 6t gap
Smoothed initial terrain · ◌ = detected wall gap · hover for details
Inputs per minute
— Efthiron - - andy_marcelo2012
Build order — Efthiron
First 150 of 301 actions detected
| 0:00 | Create | Villager (Male) |
| 0:02 | Build | House |
| 0:04 | Build | House |
| 0:09 | Create | Villager (Male) |
| 0:09 | Create | Villager (Male) |
| 0:11 | Create | Villager (Male) |
| 1:30 | Create | Villager (Male) |
| 2:00 | Build | Lumber Camp |
| 2:02 | Create | Villager (Male) |
| 2:21 | Create | Villager (Male) |
| 2:50 | Create | Villager (Male) |
| 3:06 | Build | House |
| 3:24 | Create | Villager (Male) |
| 3:41 | Create | Villager (Male) |
| 3:48 | Create | Villager (Male) |
| 3:56 | Build | Mill |
| 4:36 | Create | Villager (Male) |
| 4:40 | Create | Villager (Male) |
| 4:40 | Create | Villager (Male) |
| 5:40 | Build | House |
| 5:49 | Create | Villager (Male) |
| 5:51 | Research | Loom |
| 6:30 | Research | Feudal Age |
| 7:19 | Build | Barracks |
| 7:36 | Build | House |
| 7:38 | Build | Palisade Wall |
| 8:20 | Create | Villager (Male) |
| 8:54 | Age | Feudal Age |
| 9:02 | Build | Stable |
| 9:12 | Research | Double-Bit Axe |
| 9:39 | Create | Villager (Male) |
| 9:39 | Create | Villager (Male) |
| 9:40 | Create | Villager (Male) |
| 10:03 | Build | Blacksmith |
| 10:04 | Create | Villager (Male) |
| 10:07 | Build | Farm |
| 10:08 | Create | Villager (Male) |
| 10:45 | Build | Watch Tower |
| 10:49 | Create | Scout Cavalry |
| 10:49 | Create | Scout Cavalry |
| 11:03 | Build | Farm |
| 11:18 | Create | Villager (Male) |
| 11:19 | Create | Villager (Male) |
| 11:24 | Build | Farm |
| 11:40 | Build | Farm |
| 11:41 | Build | Farm |
| 11:43 | Build | Farm |
| 11:45 | Build | Farm |
| 11:46 | Build | Farm |
| 11:47 | Create | Villager (Male) |
| 11:59 | Research | Horse Collar |
| 12:12 | Create | Villager (Male) |
| 12:18 | Build | Farm |
| 12:38 | Build | House |
| 12:41 | Build | House |
| 13:35 | Build | Farm |
| 13:35 | Create | Villager (Male) |
| 13:35 | Create | Villager (Male) |
| 13:45 | Build | Market |
| 14:04 | Build | Farm |
| 14:06 | Create | Scout Cavalry |
| 14:07 | Create | Scout Cavalry |
| 14:22 | Create | Villager (Male) |
| 14:26 | Build | Blacksmith |
| 14:27 | Build | House |
| 14:34 | Build | Farm |
| 14:47 | Create | Villager (Male) |
| 14:58 | Build | Mining Camp |
| 15:05 | Create | Villager (Male) |
| 15:15 | Build | Farm |
| 15:22 | Build | House |
| 15:25 | Build | House |
| 15:26 | Build | Palisade Wall |
| 15:31 | Create | Villager (Male) |
| 15:40 | Build | House |
| 15:41 | Build | House |
| 16:05 | Research | Scale Barding Armor |
| 16:20 | Research | Wheelbarrow |
| 16:55 | Build | Farm |
| 17:25 | Create | Villager (Male) |
| 17:50 | Build | Archery Range |
| 17:52 | Build | Archery Range |
| 17:56 | Create | Villager (Male) |
| 18:16 | Create | Villager (Male) |
| 18:53 | Research | Castle Age |
| 19:00 | Create | Skirmisher |
| 19:01 | Create | Skirmisher |
| 19:31 | Research | Padded Archer Armor |
| 19:40 | Create | Skirmisher |
| 19:41 | Create | Skirmisher |
| 19:55 | Create | Skirmisher |
| 19:55 | Create | Skirmisher |
| 20:00 | Create | Skirmisher |
| 20:21 | Create | Skirmisher |
| 20:22 | Create | Skirmisher |
| 20:23 | Create | Skirmisher |
| 20:23 | Create | Skirmisher |
| 21:08 | Create | Skirmisher |
| 21:08 | Create | Skirmisher |
| 21:33 | Age | Castle Age |
| 21:34 | Build | Town Center |
| 21:35 | Create | Villager (Male) |
| 21:36 | Create | Villager (Male) |
| 21:38 | Research | Bow Saw |
| 21:40 | Research | Fletching |
| 21:59 | Research | Leather Archer Armor |
| 22:01 | Create | Villager (Male) |
| 22:15 | Create | Villager (Male) |
| 22:23 | Create | Steppe Lancer |
| 22:23 | Create | Steppe Lancer |
| 22:33 | Create | Skirmisher |
| 22:38 | Create | Villager (Male) |
| 22:56 | Create | Villager (Male) |
| 22:57 | Create | Villager (Male) |
| 23:14 | Create | Villager (Male) |
| 23:34 | Build | Farm |
| 23:35 | Build | Farm |
| 23:43 | Build | Farm |
| 23:51 | Create | Villager (Male) |
| 23:51 | Create | Villager (Male) |
| 23:51 | Create | Villager (Male) |
| 23:59 | Research | Town Watch |
| 24:08 | Create | Skirmisher |
| 24:08 | Create | Skirmisher |
| 24:09 | Create | Skirmisher |
| 24:13 | Build | Farm |
| 24:14 | Create | Villager (Male) |
| 24:23 | Build | Blacksmith |
| 24:54 | Create | Skirmisher |
| 24:54 | Create | Skirmisher |
| 25:03 | Build | Palisade Gate |
| 25:07 | Build | Palisade Gate |
| 25:10 | Build | Palisade Gate |
| 25:33 | Build | Palisade Gate |
| 25:45 | Build | Palisade Gate |
| 26:51 | Build | Stable |
| 26:52 | Build | Stable |
| 27:10 | Build | Siege Workshop |
| 27:18 | Build | Stable |
| 27:25 | Create | Villager (Male) |
| 27:25 | Create | Villager (Male) |
| 27:26 | Create | Villager (Male) |
| 27:26 | Create | Villager (Male) |
| 27:26 | Create | Villager (Male) |
| 27:33 | Create | Villager (Male) |
| 27:33 | Create | Villager (Male) |
| 27:37 | Build | Siege Workshop |
| 27:48 | Build | Stable |
| 27:50 | Research | Chain Barding Armor |
| 27:52 | Research | Forging |
Build order — andy_marcelo2012
First 150 of 323 actions detected
| 0:02 | Create | Villager (Male) |
| 0:02 | Create | Villager (Male) |
| 0:03 | Build | House |
| 0:04 | Build | House |
| 0:22 | Create | Villager (Male) |
| 0:37 | Create | Villager (Male) |
| 1:15 | Create | Villager (Male) |
| 2:08 | Create | Villager (Male) |
| 2:14 | Create | Villager (Male) |
| 2:42 | Build | Mill |
| 2:53 | Create | Villager (Male) |
| 2:53 | Create | Villager (Male) |
| 2:53 | Create | Villager (Male) |
| 3:26 | Create | Villager (Male) |
| 3:27 | Create | Villager (Male) |
| 3:27 | Create | Villager (Male) |
| 3:27 | Create | Villager (Male) |
| 3:28 | Create | Villager (Male) |
| 3:46 | Create | Villager (Male) |
| 3:57 | Build | House |
| 4:20 | Create | Villager (Male) |
| 4:20 | Create | Villager (Male) |
| 5:03 | Create | Villager (Male) |
| 5:03 | Create | Villager (Male) |
| 5:17 | Create | Villager (Male) |
| 6:08 | Build | Lumber Camp |
| 6:36 | Research | Feudal Age |
| 7:31 | Build | House |
| 7:35 | Build | Palisade Gate |
| 7:51 | Research | Loom |
| 7:53 | Create | Villager (Male) |
| 8:56 | Age | Feudal Age |
| 9:06 | Build | Market |
| 9:08 | Create | Villager (Male) |
| 9:30 | Build | Blacksmith |
| 9:57 | Create | Villager (Male) |
| 10:09 | Build | Mining Camp |
| 10:28 | Build | House |
| 10:30 | Build | House |
| 10:31 | Build | Palisade Wall |
| 10:38 | Create | Villager (Male) |
| 10:39 | Create | Villager (Male) |
| 11:20 | Build | Barracks |
| 11:29 | Create | Villager (Male) |
| 11:34 | Build | House |
| 11:35 | Build | House |
| 11:48 | Create | Spearman |
| 12:06 | Build | Farm |
| 12:08 | Build | Farm |
| 12:46 | Build | Watch Tower |
| 13:05 | Create | Villager (Male) |
| 13:43 | Create | Villager (Male) |
| 13:44 | Create | Villager (Male) |
| 13:49 | Build | Farm |
| 14:14 | Build | Farm |
| 14:37 | Build | Mining Camp |
| 14:46 | Build | Farm |
| 15:03 | Create | Spearman |
| 15:56 | Research | Castle Age |
| 15:56 | Research | Castle Age |
| 16:26 | Create | Spearman |
| 16:42 | Build | House |
| 16:44 | Build | House |
| 16:56 | Create | Spearman |
| 18:02 | Create | Spearman |
| 18:03 | Create | Spearman |
| 18:19 | Create | Villager (Male) |
| 18:21 | Create | Villager (Male) |
| 18:36 | Age | Castle Age |
| 19:07 | Build | Castle |
| 19:33 | Build | Farm |
| 19:34 | Build | Farm |
| 19:44 | Create | Villager (Male) |
| 20:00 | Build | Lumber Camp |
| 20:36 | Create | Villager (Male) |
| 21:07 | Build | Siege Workshop |
| 21:15 | Create | Villager (Male) |
| 21:32 | Create | Battering Ram |
| 21:42 | Create | Villager (Male) |
| 22:20 | Create | Mangonel |
| 22:27 | Create | Villager (Male) |
| 22:29 | Create | Villager (Male) |
| 23:15 | Create | Villager (Male) |
| 23:51 | Create | Villager (Male) |
| 23:53 | Create | Villager (Male) |
| 25:04 | Build | Castle |
| 25:07 | Build | Castle |
| 25:11 | Build | Castle |
| 25:53 | Build | Castle |
| 26:11 | Create | Mangonel |
| 26:50 | Create | Villager (Male) |
| 26:51 | Create | Villager (Male) |
| 27:27 | Build | Town Center |
| 27:44 | Create | Villager (Male) |
| 27:46 | Create | Villager (Male) |
| 27:56 | Create | Battering Ram |
| 28:25 | Create | Villager (Male) |
| 28:26 | Create | Villager (Male) |
| 28:28 | Create | Villager (Male) |
| 28:45 | Create | Mangudai |
| 28:51 | Research | Town Watch |
| 29:06 | Create | Mangudai |
| 29:07 | Create | Mangudai |
| 29:07 | Create | Mangudai |
| 29:55 | Create | Villager (Male) |
| 29:55 | Create | Villager (Male) |
| 29:56 | Create | Villager (Male) |
| 29:57 | Create | Villager (Male) |
| 29:57 | Create | Villager (Male) |
| 29:57 | Create | Villager (Male) |
| 29:58 | Create | Villager (Male) |
| 30:39 | Create | Mangudai |
| 30:43 | Create | Villager (Male) |
| 30:43 | Create | Villager (Male) |
| 30:45 | Build | Farm |
| 30:47 | Build | Farm |
| 30:48 | Build | Farm |
| 30:49 | Build | Farm |
| 30:50 | Build | Farm |
| 30:53 | Build | Farm |
| 30:54 | Build | Farm |
| 30:56 | Build | Farm |
| 30:56 | Build | Farm |
| 30:58 | Create | Villager (Male) |
| 31:28 | Build | Farm |
| 31:56 | Build | Mining Camp |
| 32:03 | Create | Villager (Male) |
| 32:03 | Create | Villager (Male) |
| 32:18 | Create | Villager (Male) |
| 33:08 | Create | Villager (Male) |
| 33:10 | Research | Wheelbarrow |
| 33:16 | Research | Gold Mining |
| 33:48 | Create | Villager (Male) |
| 33:50 | Create | Villager (Male) |
| 33:59 | Build | Town Center |
| 34:02 | Create | Villager (Male) |
| 34:03 | Create | Villager (Male) |
| 34:13 | Create | Scorpion |
| 34:14 | Create | Scorpion |
| 34:34 | Create | Villager (Male) |
| 34:48 | Create | Villager (Male) |
| 34:51 | Create | Villager (Male) |
| 34:52 | Create | Villager (Male) |
| 35:00 | Research | Horse Collar |
| 35:00 | Research | Horse Collar |
| 35:00 | Research | Horse Collar |
| 35:07 | Build | Farm |
| 35:08 | Build | Farm |
| 35:10 | Build | Farm |
| 35:13 | Build | Farm |
Match timeline
| 7:19 | Efthiron · first_building Barracks |
| 7:38 | Efthiron · wall_segment Palisade Wall x6 |
| 8:54 | Efthiron · age_up feudal |
| 8:56 | andy_marcelo2012 · age_up feudal |
| 9:02 | Efthiron · first_building Stable |
| 10:31 | andy_marcelo2012 · wall_segment Palisade Wall x1 |
| 11:20 | andy_marcelo2012 · first_building Barracks |
| 15:26 | Efthiron · wall_segment Palisade Wall x1 |
| 17:50 | Efthiron · first_building Archery Range |
| 18:36 | andy_marcelo2012 · age_up castle |
| 19:07 | andy_marcelo2012 · first_building Castle |
| 20:29 | andy_marcelo2012 · first_market_sell 100 stone |
| 21:07 | andy_marcelo2012 · first_building Siege Workshop |
| 21:27 | andy_marcelo2012 · first_market_buy 100 wood |
| 21:33 | Efthiron · age_up castle |
| 27:10 | Efthiron · first_building Siege Workshop |
| 31:01 | Efthiron · first_market_sell 100 wood |
| 31:03 | Efthiron · first_market_buy 100 food |
| 31:07 | Efthiron · first_building Monastery |
| 33:48 | Efthiron · first_building Castle |
| 40:36 | andy_marcelo2012 · first_building Stable |
| 44:10 | Efthiron · age_up imperial |
| 46:04 | andy_marcelo2012 · age_up imperial |
| 50:07 | Efthiron · resign |
[ AI ANALYSIS · 1 CREDIT ]
What really happened in this match?
Wolo.gg analyzes every decision: build order, eco, micro, common mistakes by bracket. Personalized analysis on WhatsApp or Discord in 30 seconds.
Civ guide
Mongols
Perfil
Jugador #4686830